HSSL
OVERLAND PARK HS TRIPLETS @ TULSA HS AS
04/18/2030
 
TOP OF THE 1ST
Overland Park HS Triplets batting - Pitching for Tulsa HS As : RHP Floyd Walton
Pitching: RHP Floyd Walton
Batting: RHB Mark Simms 0-0: Called Strike
0-1: Swinging Strike
0-2: Strikes out swinging
Batting: RHB Eddie Stanton 0-0: Called Strike
0-1: Called Strike
0-2: Strikes out looking
Batting: RHB Emery Cooper 0-0: Called Strike
0-1: Ball
1-1: SINGLE (Line Drive, 9S)
Batting: RHB Alex Moran 0-0: Foul Ball, location: 2F
0-1: Ball
1-1: Ball
2-1: Foul Ball, location: 2F
2-2: Ball
3-2: Strikes out swinging
Top of the 1st over - 0 runs, 1 hit, 0 errors, 1 left on base; Overland Park HS 0 - Tulsa HS 0
BOTTOM OF THE 1ST
Tulsa HS As batting - Pitching for Overland Park HS Triplets : RHP Steve Clements
Pitching: RHP Steve Clements
Batting: RHB Dale Bennett 0-0: Ground out 4-3 (Groundball, 34D)
Batting: LHB Dave Leclair 0-0: Called Strike
0-1: Foul Ball, location: 2F
0-2: Foul Ball, location: 2F
0-2: Foul Ball, location: 2F
0-2: DOUBLE (Line Drive, 8LXD)
Batting: RHB Ralph Young 0-0: Foul Ball, location: 2F
0-1: SINGLE (Groundball, 34D)
Dave Leclair to third
Batting: LHB Mark Wheeler 0-0: Called Strike
0-1: Swinging Strike
0-2: Ball
1-2: Foul Ball, location: 2F
1-2: Ball
2-2: Ball
3-2: Foul Ball, location: 2F
3-2: Foul Ball, location: 2F
3-2: Strikes out swinging
Batting: SHB José Hernández 0-0: Called Strike
0-1: Ball
1-1: Ball
2-1: Foul Ball, location: 2F
2-2: Foul Ball, location: 2F
2-2: Ball
3-2: Foul Ball, location: 2F
3-2: 3-RUN HOME RUN (Line Drive, 9D), Distance : 405 ft
Batting: LHB Chris Smith 0-0: Foul Ball, location: 2F
0-1: TRIPLE (Line Drive, 8RXD)
Batting: RHB Ricky Thomas 0-0: SINGLE (Groundball, 6D)
Chris Smith scores
Batting: RHB Trent Rowe 0-0: Foul Ball, location: 2F
0-1: Ball
1-1: Ball
2-1: Foul Ball, location: 2F
2-2: Foul Ball, location: 2F
2-2: Foul Ball, location: 2F
2-2: Ball
3-2: Foul Ball, location: 2F
3-2: Base on Balls
Ricky Thomas to second
Batting: RHB Brendon Keifer 0-0: Foul Ball, location: 2F
0-1: Swinging Strike
0-2: Foul Ball, location: 2F
0-2: Ball
1-2: Strikes out swinging
Bottom of the 1st over - 4 runs, 5 hits, 0 errors, 2 left on base; Overland Park HS 0 - Tulsa HS 4
TOP OF THE 2ND
Overland Park HS Triplets batting - Pitching for Tulsa HS As : RHP Floyd Walton
Batting: SHB Pat Hill 0-0: Ball
1-0: Ball
2-0: Called Strike
2-1: Swinging Strike
2-2: Strikes out swinging
Batting: RHB Pablo Quintanilla 0-0: Foul Ball, location: 2F
0-1: Ball
1-1: Swinging Strike
1-2: Foul Ball, location: 2F
1-2: Foul Ball, location: 2F
1-2: Foul Ball, location: 2F
1-2: Strikes out looking
Batting: RHB Al Kelly 0-0: Ball
1-0: Called Strike
1-1: Foul Ball, location: 2F
1-2: Ground out 1-3 (Groundball, 13)
Top of the 2nd over - 0 runs, 0 hits, 0 errors, 0 left on base; Overland Park HS 0 - Tulsa HS 4
BOTTOM OF THE 2ND
Tulsa HS As batting - Pitching for Overland Park HS Triplets : RHP Steve Clements
Batting: RHB Dale Bennett 0-0: Ball
1-0: Called Strike
1-1: Ground out 6-3 (Groundball, 6)
Batting: LHB Dave Leclair 0-0: Ball
1-0: Called Strike
1-1: Foul Ball, location: 2F
1-2: Strikes out swinging
Batting: RHB Ralph Young 0-0: Called Strike
0-1: Called Strike
0-2: Ball
1-2: Ball
2-2: Foul Ball, location: 2F
2-2: SINGLE (Groundball, 34) (infield hit)
Batting: LHB Mark Wheeler 0-0: Fly out, F9 (Flyball, 9)
Bottom of the 2nd over - 0 runs, 1 hit, 0 errors, 1 left on base; Overland Park HS 0 - Tulsa HS 4
TOP OF THE 3RD
Overland Park HS Triplets batting - Pitching for Tulsa HS As : RHP Floyd Walton
Batting: SHB John Hansen 0-0: Ground out 6-3 (Groundball, 6)
Batting: RHB Carson Doss 0-0: Ball
1-0: SINGLE (Groundball, 6D)
Batting: RHB Mark Simms 0-0: Ball
1-0: Ball
2-0: Foul Ball, location: 2F
2-1: Ball
3-1: Base on Balls
Carson Doss to second
Batting: RHB Eddie Stanton 0-0: Ball
1-0: Called Strike
1-1: Foul Ball, location: 2F
1-2: Grounds into double play, 6-4-3 (Groundball, 6)
Top of the 3rd over - 0 runs, 1 hit, 0 errors, 1 left on base; Overland Park HS 0 - Tulsa HS 4
BOTTOM OF THE 3RD
Tulsa HS As batting - Pitching for Overland Park HS Triplets : RHP Steve Clements
Batting: SHB José Hernández 0-0: Ball
1-0: Swinging Strike
1-1: Ball
2-1: Swinging Strike
2-2: Foul Ball, location: 2F
2-2: Strikes out looking
Batting: LHB Chris Smith 0-0: Ball
1-0: Ball
2-0: Called Strike
2-1: Ball
3-1: Fly out, F9 (Line Drive, 9LM)
Batting: RHB Ricky Thomas 0-0: Ball
1-0: Ball
2-0: Ball
3-0: Called Strike
3-1: Called Strike
3-2: Base on Balls
Batting: RHB Trent Rowe 0-0: Ball
1-0: Foul Ball, location: 2F
1-1: Foul Ball, location: 2F
1-2: Strikes out swinging
Bottom of the 3rd over - 0 runs, 0 hits, 0 errors, 1 left on base; Overland Park HS 0 - Tulsa HS 4
TOP OF THE 4TH
Overland Park HS Triplets batting - Pitching for Tulsa HS As : RHP Floyd Walton
Batting: RHB Emery Cooper 0-0: SINGLE (Flyball, 78S)
Batting: RHB Alex Moran 0-0: Swinging Strike
0-1: Ball
1-1: Foul Ball, location: 2F
1-2: Ball
2-2: Ball
3-2: Grounds into double play, 6-4-3 (Groundball, 56)
Batting: SHB Pat Hill 0-0: Ball
1-0: Called Strike
1-1: Foul Ball, location: 2F
1-2: Strikes out swinging
Top of the 4th over - 0 runs, 1 hit, 0 errors, 0 left on base; Overland Park HS 0 - Tulsa HS 4
BOTTOM OF THE 4TH
Tulsa HS As batting - Pitching for Overland Park HS Triplets : RHP Steve Clements
Batting: RHB Brendon Keifer 0-0: Ball
1-0: Ball
2-0: Called Strike
2-1: SINGLE (Line Drive, 4D)
Pitching: RHP Sean Kidd
Batting: RHB Dale Bennett 0-0: Ball
1-0: Ball
2-0: SINGLE (Groundball, 56D)
Brendon Keifer to second
Batting: LHB Dave Leclair 0-0: Fly out, F9 (Flyball, 89S)
Batting: RHB Ralph Young 0-0: Ball
1-0: Called Strike
1-1: Ball
2-1: Foul Ball, location: 2F
2-2: Foul Ball, location: 2F
2-2: Foul Ball, location: 2F
2-2: Ball
3-2: Foul Ball, location: 2F
3-2: Hit by Pitch
Brendon Keifer to third
Dale Bennett to second
Batting: LHB Mark Wheeler 0-0: Ball
1-0: Foul Ball, location: 2F
1-1: Swinging Strike
1-2: Grounds into double play, 4-6-3 (Groundball, 4)
Bottom of the 4th over - 0 runs, 2 hits, 0 errors, 2 left on base; Overland Park HS 0 - Tulsa HS 4
TOP OF THE 5TH
Overland Park HS Triplets batting - Pitching for Tulsa HS As : RHP Floyd Walton
Batting: RHB Pablo Quintanilla 0-0: Swinging Strike
0-1: Swinging Strike
0-2: Ball
1-2: Strikes out swinging
Batting: RHB Al Kelly 0-0: Ball
1-0: Called Strike
1-1: Ball
2-1: Reached on error, E2 (Groundball, 2R)
Batting: SHB John Hansen 0-0: Ball
1-0: Called Strike
1-1: Ball
2-1: Foul Ball, location: 2F
2-2: Strikes out swinging
Batting: RHB Carson Doss 0-0: Ball
1-0: Fly out, F9 (Flyball, 89M)
Top of the 5th over - 0 runs, 0 hits, 1 error, 1 left on base; Overland Park HS 0 - Tulsa HS 4
BOTTOM OF THE 5TH
Tulsa HS As batting - Pitching for Overland Park HS Triplets : RHP Sean Kidd
Batting: SHB José Hernández 0-0: Foul Ball, location: 2F
0-1: SINGLE (Flyball, 8LM)
Batting: LHB Chris Smith 0-0: Called Strike
0-1: Grounds into double play, 6-4-3 (Groundball, 6)
Batting: RHB Ricky Thomas 0-0: Ball
1-0: Ball
2-0: Ball
3-0: Called Strike
3-1: Called Strike
3-2: SINGLE (Groundball, 4) (infield hit)
Batting: RHB Trent Rowe 0-0: Ball
1-0: Reached on error, E5 (Groundball, 56)
Ricky Thomas to second
Batting: RHB Brendon Keifer 0-0: Ball
1-0: Foul Ball, location: 2F
1-1: Ball
2-1: Swinging Strike
2-2: Ball
3-2: SINGLE (Groundball, 56D)
Ricky Thomas to third
Trent Rowe to second
Ricky Thomas scores
Trent Rowe to third
Batting: RHB Dale Bennett 0-0: Ball
1-0: Called Strike
1-1: Ball
2-1: Foul Ball, location: 2F
2-2: SINGLE (Line Drive, 89M)
Trent Rowe scores
Brendon Keifer to second
Batting: LHB Dave Leclair 0-0: Ball
1-0: Foul Ball, location: 2F
1-1: Called Strike
1-2: Hit by Pitch
Brendon Keifer to third
Dale Bennett to second
Batting: RHB Ralph Young 0-0: Swinging Strike
0-1: Ball
1-1: Swinging Strike
1-2: Foul Ball, location: 2F
1-2: Ball
2-2: Foul Ball, location: 2F
2-2: Ball
3-2: Strikes out swinging
Bottom of the 5th over - 2 runs, 4 hits, 1 error, 3 left on base; Overland Park HS 0 - Tulsa HS 6
TOP OF THE 6TH
Overland Park HS Triplets batting - Pitching for Tulsa HS As : RHP Floyd Walton
Batting: RHB Mark Simms 0-0: Ball
1-0: Ball
2-0: Ball
3-0: Called Strike
3-1: Foul Ball, location: 2F
3-2: Strikes out swinging
Batting: RHB Eddie Stanton 0-0: Foul Ball, location: 2F
0-1: Called Strike
0-2: Fly out, F3 (Line Drive, 3)
Batting: RHB Emery Cooper 0-0: Ball
1-0: Called Strike
1-1: Ball
2-1: Foul Ball, location: 2F
2-2: Ball
3-2: Foul Ball, location: 2F
3-2: Base on Balls
Pitching: RHP John Taylor
Batting: RHB Alex Moran 0-0: Ball
1-0: Foul Ball, location: 2F
1-1: Ball
2-1: Swinging Strike
2-2: Ball
3-2: Strikes out swinging
Top of the 6th over - 0 runs, 0 hits, 0 errors, 1 left on base; Overland Park HS 0 - Tulsa HS 6
BOTTOM OF THE 6TH
Tulsa HS As batting - Pitching for Overland Park HS Triplets : RHP Sean Kidd
Batting: LHB Mark Wheeler 0-0: Ball
1-0: Called Strike
1-1: SOLO HOME RUN (Flyball, 89XD), Distance : 425 ft
Batting: SHB José Hernández 0-0: Foul Ball, location: 2F
0-1: Ball
1-1: Foul Ball, location: 2F
1-2: Ball
2-2: Ball
3-2: SINGLE (Groundball, 34S) (infield hit)
Pitching: LHP Rick Fifield
Batting: LHB Chris Smith 0-0: Ball
1-0: Called Strike
1-1: Called Strike
1-2: Strikes out swinging
Batting: RHB Ricky Thomas 0-0: Ball
1-0: Called Strike
1-1: Foul Ball, location: 2F
1-2: Ball
2-2: Foul Ball, location: 2F
2-2: Foul Ball, location: 2F
2-2: Ball
3-2: Base on Balls
José Hernández to second
Batting: RHB Trent Rowe 0-0: Called Strike
0-1: Ball
1-1: Called Strike
1-2: Grounds into double play, 6-4-3 (Groundball, 6)
Bottom of the 6th over - 1 run, 2 hits, 0 errors, 1 left on base; Overland Park HS 0 - Tulsa HS 7
TOP OF THE 7TH
Overland Park HS Triplets batting - Pitching for Tulsa HS As : RHP John Taylor
Batting: SHB Pat Hill 0-0: Ball
1-0: Foul Ball, location: 2F
1-1: Ball
2-1: Ground out 4-3 (Groundball, 4M)
Batting: RHB Pablo Quintanilla 0-0: Ball
1-0: Called Strike
1-1: Ball
2-1: Ball
3-1: Called Strike
3-2: Foul Ball, location: 2F
3-2: Fly out, F3 (Line Drive, 3)
Batting: RHB Al Kelly 0-0: Ball
1-0: Called Strike
1-1: Ball
2-1: Ball
3-1: Called Strike
3-2: Strikes out looking
Top of the 7th over - 0 runs, 0 hits, 0 errors, 0 left on base; Overland Park HS 0 - Tulsa HS 7
BOTTOM OF THE 7TH
Tulsa HS As batting - Pitching for Overland Park HS Triplets : LHP Rick Fifield
Batting: RHB Brendon Keifer 0-0: Foul Ball, location: 2F
0-1: Called Strike
0-2: Ball
1-2: Strikes out swinging
Batting: RHB Dale Bennett 0-0: Foul Ball, location: 2F
0-1: Ground out 6-3 (Groundball, 6)
Batting: LHB Dave Leclair 0-0: Ball
1-0: Called Strike
1-1: Ball
2-1: Ball
3-1: Base on Balls
Batting: RHB Ralph Young 0-0: Ball
1-0: Called Strike
1-1: Ball
2-1: Foul Ball, location: 2F
2-2: Ball
3-2: Base on Balls
Dave Leclair to second
Batting: LHB Mark Wheeler 0-0: Called Strike
0-1: Fly out, F4 (Popup, 4MS)
Bottom of the 7th over - 0 runs, 0 hits, 0 errors, 2 left on base; Overland Park HS 0 - Tulsa HS 7
TOP OF THE 8TH
Overland Park HS Triplets batting - Pitching for Tulsa HS As : RHP John Taylor
Batting: SHB John Hansen 0-0: Called Strike
0-1: Ball
1-1: Called Strike
1-2: Fly out, F8 (Flyball, 8RS)
Batting: RHB Carson Doss 0-0: Foul Ball, location: 2F
0-1: Ball
1-1: Foul Ball, location: 2F
1-2: SINGLE (Groundball, 4MD)
Batting: RHB Mark Simms 0-0: Ball
1-0: Swinging Strike
1-1: Foul Ball, location: 2F
1-2: SINGLE (Groundball, 6D)
Carson Doss to second
Batting: RHB Eddie Stanton 0-0: Swinging Strike
0-1: Ball
1-1: Called Strike
1-2: Ball
2-2: Strikes out swinging
Batting: RHB Emery Cooper 0-0: Ball
1-0: Ball
2-0: Called Strike
2-1: DOUBLE (Flyball, 89D)
Carson Doss scores
Mark Simms to third
Batting: RHB Alex Moran 0-0: Ball
1-0: Called Strike
1-1: Foul Ball, location: 2F
1-2: Strikes out swinging
Top of the 8th over - 1 run, 3 hits, 0 errors, 2 left on base; Overland Park HS 1 - Tulsa HS 7
BOTTOM OF THE 8TH
Tulsa HS As batting - Pitching for Overland Park HS Triplets : LHP Rick Fifield
Batting: SHB José Hernández 0-0: Ball
1-0: Called Strike
1-1: Foul Ball, location: 2F
1-2: Fly out, F9 (Flyball, 9)
Batting: LHB Chris Smith 0-0: Ball
1-0: Ball
2-0: Ball
3-0: Called Strike
3-1: Swinging Strike
3-2: SINGLE (Groundball, 6M) (infield hit)
Batting: RHB Ricky Thomas 0-0: Called Strike
0-1: Called Strike
0-2: Ball
1-2: Ball
2-2: Foul Ball, location: 2F
2-2: Ball
3-2: Base on Balls
Chris Smith to second
Batting: RHB Trent Rowe 0-0: Called Strike
0-1: Foul Ball, location: 2F
0-2: Strikes out looking
Batting: RHB Brendon Keifer 0-0: Ball
1-0: Ball
2-0: Called Strike
2-1: Foul Ball, location: 2F
2-2: Ball
3-2: Base on Balls
Chris Smith to third
Ricky Thomas to second
Batting: RHB Dale Bennett 0-0: Called Strike
0-1: Ball
1-1: Called Strike
1-2: Strikes out swinging
Bottom of the 8th over - 0 runs, 1 hit, 0 errors, 3 left on base; Overland Park HS 1 - Tulsa HS 7
TOP OF THE 9TH
Overland Park HS Triplets batting - Pitching for Tulsa HS As : RHP John Taylor
Now at 2B: Raúl García
Batting: SHB Pat Hill 0-0: Fly out, F5 (Popup, 25)
Batting: RHB Pablo Quintanilla 0-0: Foul Ball, location: 2F
0-1: Fly out, F7 (Flyball, 78M)
Batting: RHB Al Kelly 0-0: Ball
1-0: Ball
2-0: Foul Ball, location: 2F
2-1: DOUBLE (Line Drive, 8RD)
Batting: SHB John Hansen 0-0: Ball
1-0: SINGLE (Line Drive, 8LS)
Al Kelly to third
Batting: RHB Carson Doss 0-0: Called Strike
0-1: SINGLE (Groundball, 56S) (infield hit)
Al Kelly scores
John Hansen to second
Batting: RHB Mark Simms 0-0: Called Strike
0-1: Ball
1-1: SINGLE (Line Drive, 78S)
John Hansen to third
Carson Doss to second
Batting: RHB Eddie Stanton 0-0: Ball
1-0: Called Strike
1-1: Foul Ball, location: 2F
1-2: Ball
2-2: Strikes out swinging
Top of the 9th over - 1 run, 4 hits, 0 errors, 3 left on base; Overland Park HS 2 - Tulsa HS 7
Saturday, April 7th, 2018 - OOTP Baseball 18.8 Build 76